AoeStats
← symon.mcare

Baltic

510290046Analyzed
3v3 RM · 1d ago on Sep 30, 2026· 17m 51s· 6 players
Game mode
Random Map
Map size
Normal (6 player)
Population
200
Speed
Normal
Resources
Standard
Victory
Conquest
Starting age
Dark Age
Ending age
Imperial Age
RankedLock teamsTeams togetherTeam positionsShared explorationLock speedFull tech treeHidden civsTurbo modeCheats
Victory
Defeat
🇹🇼 Britons · Taiwan
850
+15
🇪🇸 Hindustanis · Spain
848
+15
🇩🇪 Varangians · Germany
847
+15
🇫🇷 Byzantines · France
894
-18
🇧🇷 Chinese · Brazil
810
-14
🇦🇺 Spanish · Australia
775
-13
PROtektorKaiser
0:52 Loom
12:24 Feudal Age
12:51 Double-Bit Axe
12:55 Fishing Lines
14:02 Wheelbarrow
Longoooooo
11:27 Feudal Age
13:00 Wheelbarrow
15:24 Loom
18:13 Castle Age
16:56 Double-Bit Axe
Croquetero
6:27 Loom
12:29 Feudal Age
16:32 Castle Age
14:22 Double-Bit Axe
14:39 Fishing Lines
18:10 Bow Saw
17:54 Gold Mining
LeVieuxMachin
2:56 Loom
12:06 Feudal Age
13:34 Double-Bit Axe
14:00 Horse Collar
NoobForever
0:34 Loom
9:56 Feudal Age
17:54 Wheelbarrow
symon.mcare
11:15 Feudal Age
15:06 Loom
Connection lost

Rejoining the realm…

Still unreachable

The connection could not be restored.

Session expired

The server has moved on; the page needs a fresh start.